Dernière mise à jour: 2025-12-07 16:11:59
% Time on Ice - WINNIPEG BEAVERS
Lines # - Real PCT - Wanted PCT - Time Play
Normal Forward
1 - 33% - 34% - 12:53
2 - 31% - 33% - 12:07
3 - 21% - 23% - 8:04
4 - 15% - 10% - 5:38
Normal Defense
1 - 29% - 35% - 11:19
2 - 40% - 32% - 15:20
3 - 24% - 30% - 9:19
4 - 7% - 3% - 2:44
PP Forward
1 - 58% - 52% - 2:19
2 - 42% - 48% - 1:39
PP Defense
1 - 49% - 55% - 1:56
2 - 51% - 45% - 2:02
PK Forward
1 - 52% - 51% - 8:46
2 - 48% - 49% - 8:08
PK Defense
1 - 50% - 52% - 8:25
2 - 50% - 48% - 8:29
PK3 Forward
1 - 0% - 55% - 0:00
2 - 100% - 45% - 0:11
PK3 Defense
1 - 0% - 55% - 0:00
2 - 100% - 45% - 0:11
44 Forward
1 - 0% - 55%
2 - 0% - 45%
44 Defense
1 - 0% - 55%
2 - 0% - 45%
Last Minute Offensive  - 0:00
Last Minute Defensive  - 0:15
Total
Forward - 60:00
Defense - 60:00
% Time on Ice - VICTORIA GLADIATORS
Lines # - Real PCT - Wanted PCT - Time Play
Normal Forward
1 - 34% - 36% - 13:11
2 - 30% - 32% - 11:48
3 - 18% - 24% - 6:54
4 - 18% - 8% - 6:49
Normal Defense
1 - 40% - 40% - 15:19
2 - 36% - 35% - 14:05
3 - 24% - 25% - 9:18
4 - 0% - 0% - 0:00
PP Forward
1 - 52% - 60% - 8:54
2 - 48% - 40% - 8:11
PP Defense
1 - 52% - 60% - 8:57
2 - 48% - 40% - 8:08
PK Forward
1 - 84% - 60% - 3:20
2 - 16% - 40% - 0:38
PK Defense
1 - 53% - 60% - 2:07
2 - 47% - 40% - 1:51
PK3 Forward
1 - 0% - 55%
2 - 0% - 45%
PK3 Defense
1 - 0% - 55%
2 - 0% - 45%
44 Forward
1 - 0% - 52%
2 - 0% - 48%
44 Defense
1 - 0% - 52%
2 - 0% - 48%
Last Minute Offensive  - 0:15
Last Minute Defensive  - 0:00
Total
Forward - 60:00
Defense - 60:00
Play-by-Play 1st period 0:01 of 1st period - Mikael Granlund wins face-off versus Brayden Schenn in neutral zone. 0:06 of 1st period - Shot by Artemi Panarin. 0:06 of 1st period - Deflect By David Pastrnak. 0:06 of 1st period - Shot Blocked by Scott Mayfield. 0:33 of 1st period - Shot by Jonathan Audy-Marchessault. 0:33 of 1st period - Stopped by Jake Oettinger with a rebound. 0:35 of 1st period - Shot by Scott Mayfield. 0:35 of 1st period - Deflect By Brayden Schenn. 0:35 of 1st period - Goal by Brayden Schenn - WINNIPEG BEAVERS : 1 - VICTORIA GLADIATORS : 0. 0:36 of 1st period - Sam Bennett wins face-off versus Mark Scheifele in neutral zone. 1:34 of 1st period - Shot by Conor Garland. 1:34 of 1st period - Shot Misses the Net. 1:40 of 1st period - Shot by Mason Appleton. 1:40 of 1st period - Shot Misses the Net. 1:42 of 1st period - Shot by Nick Seeler. 1:42 of 1st period - Shot Misses the Net. 1:44 of 1st period - Shot by Nick Seeler. 1:44 of 1st period - Stopped by Logan Thompson without a rebound. 1:45 of 1st period - Sean Kuraly wins face-off versus Jake Evans in WINNIPEG BEAVERS zone. 1:59 of 1st period - Icing by Justin Faulk. 2:00 of 1st period - Nick Cousins wins face-off versus Jake Evans in VICTORIA GLADIATORS zone. 2:13 of 1st period - Nick Cousins is hit by Daniel Sprong and loses puck. 2:15 of 1st period - Minor Penalty to Scott Mayfield for Goalie Interference. 2:16 of 1st period - Brayden Schenn wins face-off versus Mikael Granlund in WINNIPEG BEAVERS zone. 4:40 of 1st period - Shot by Jake Evans. 4:40 of 1st period - Shot Misses the Net. 4:56 of 1st period - Nick Cousins is hit by Daniel Sprong and loses puck. 5:19 of 1st period - Shot by Brayden Schenn. 5:19 of 1st period - Shot Misses the Net. 5:43 of 1st period - Shot by Mikael Granlund. 5:43 of 1st period - Shot Misses the Net. 6:51 of 1st period - Adam Lowry is hit by Marcus Foligno and loses puck. 7:43 of 1st period - Minor Penalty to Jeremy Lauzon for Holding. 7:44 of 1st period - Brayden Schenn wins face-off versus Mikael Granlund in WINNIPEG BEAVERS zone. 8:55 of 1st period - Shot by Justin Faulk. 8:55 of 1st period - Stopped by Logan Thompson without a rebound. 8:56 of 1st period - Mikael Granlund wins face-off versus Brayden Schenn in WINNIPEG BEAVERS zone. 9:17 of 1st period - David Pastrnak is hit by Adam Larsson and loses puck. 9:45 of 1st period - Off-side. 9:46 of 1st period - Sam Bennett wins face-off versus Jake Evans in neutral zone. 10:10 of 1st period - Shot by Sam Bennett. 10:10 of 1st period - Stopped by Jake Oettinger without a rebound. 10:11 of 1st period - Mark Scheifele wins face-off versus Nick Cousins in VICTORIA GLADIATORS zone. 10:11 of 1st period - Mark Scheifele is hit by Ryan Reaves. 10:12 of 1st period - Minor Penalty to Ryan Reaves for Hooking. 10:13 of 1st period - Sam Bennett wins face-off versus Mark Scheifele in WINNIPEG BEAVERS zone. 10:30 of 1st period - Shot by Cam Fowler. 10:30 of 1st period - Shot Misses the Net. 11:54 of 1st period - Shot by Artemi Panarin. 11:54 of 1st period - Shot Misses the Net. 11:56 of 1st period - Shot by Niko Mikkola. 11:56 of 1st period - Stopped by Logan Thompson with a rebound. 11:58 of 1st period - Shot by Mikael Granlund. 11:58 of 1st period - Stopped by Logan Thompson without a rebound. 11:59 of 1st period - Sam Bennett wins face-off versus Artemi Panarin in WINNIPEG BEAVERS zone. 12:29 of 1st period - Icing by Nick Seeler. 12:30 of 1st period - Brayden Schenn wins face-off versus Jake Evans in VICTORIA GLADIATORS zone. 12:37 of 1st period - Shot by Nikolaj Ehlers. 12:37 of 1st period - Stopped by Jake Oettinger without a rebound. 12:38 of 1st period - Brayden Schenn wins face-off versus Mikael Granlund in VICTORIA GLADIATORS zone. 12:54 of 1st period - Shot by David Pastrnak. 12:54 of 1st period - Stopped by Logan Thompson without a rebound. 12:55 of 1st period - Mark Scheifele wins face-off versus Sam Bennett in WINNIPEG BEAVERS zone. 13:12 of 1st period - Shot by Matt Duchene. 13:12 of 1st period - Shot Blocked by John Carlson. 13:14 of 1st period - Shot by Matt Duchene. 13:14 of 1st period - Shot Blocked by John Carlson. 13:16 of 1st period - Shot by Mark Scheifele. 13:16 of 1st period - Shot Blocked by John Carlson. 13:18 of 1st period - Shot by Jan Rutta. 13:18 of 1st period - Shot Blocked by Jeremy Lauzon. 13:20 of 1st period - Shot by Mark Scheifele. 13:20 of 1st period - Deflect By Matt Duchene. 13:20 of 1st period - Shot Misses the Net. 13:22 of 1st period - Shot by Matt Duchene. 13:22 of 1st period - Shot Misses the Net. 14:26 of 1st period - Shot by Jonathan Audy-Marchessault. 14:26 of 1st period - Stopped by Jake Oettinger without a rebound. 14:27 of 1st period - Adam Lowry wins face-off versus Sean Kuraly in VICTORIA GLADIATORS zone. 14:43 of 1st period - Minor Penalty to Adam Larsson for Holding. 14:44 of 1st period - Mark Scheifele wins face-off versus Brayden Schenn in WINNIPEG BEAVERS zone. 14:55 of 1st period - Shot by Mason Appleton. 14:55 of 1st period - Stopped by Logan Thompson without a rebound. 14:56 of 1st period - Mikael Granlund wins face-off versus Sean Kuraly in WINNIPEG BEAVERS zone. 14:57 of 1st period - Shot by Justin Faulk. 14:57 of 1st period - Stopped by Logan Thompson without a rebound. 14:58 of 1st period - Sam Bennett wins face-off versus Mikael Granlund in WINNIPEG BEAVERS zone. 15:32 of 1st period - Icing by David Pastrnak. 15:33 of 1st period - Brayden Schenn wins face-off versus Artemi Panarin in VICTORIA GLADIATORS zone. 16:16 of 1st period - Shot by Justin Faulk. 16:16 of 1st period - Stopped by Logan Thompson without a rebound. 16:17 of 1st period - Mark Scheifele wins face-off versus Brayden Schenn in WINNIPEG BEAVERS zone. 16:22 of 1st period - Shot by Conor Garland. 16:22 of 1st period - Stopped by Logan Thompson without a rebound. 16:23 of 1st period - Mark Scheifele wins face-off versus Sam Bennett in WINNIPEG BEAVERS zone. 16:58 of 1st period - Shot by Jake Evans. 16:58 of 1st period - Shot Misses the Net. 17:13 of 1st period - Minor Penalty to Kiefer Sherwood for Elbowing. 17:14 of 1st period - Sam Bennett wins face-off versus Mikael Granlund in WINNIPEG BEAVERS zone. 17:49 of 1st period - Shot by Mikael Granlund. 17:49 of 1st period - Stopped by Logan Thompson without a rebound. 17:50 of 1st period - Brayden Schenn wins face-off versus Mark Scheifele in WINNIPEG BEAVERS zone. 18:06 of 1st period - Icing by Niko Mikkola. 18:07 of 1st period - Mark Scheifele wins face-off versus Brayden Schenn in VICTORIA GLADIATORS zone. 18:31 of 1st period - Shot by Mark Scheifele. 18:31 of 1st period - Shot Blocked by Marcus Foligno. 18:33 of 1st period - Shot by Niko Mikkola. 18:33 of 1st period - Shot Blocked by Victor Hedman. 19:05 of 1st period - Off-side. 19:06 of 1st period - Mikael Granlund wins face-off versus Brayden Schenn in neutral zone. 19:13 of 1st period - Shot by David Pastrnak. 19:13 of 1st period - Stopped by Logan Thompson without a rebound. 19:14 of 1st period - Mikael Granlund wins face-off versus Sam Bennett in WINNIPEG BEAVERS zone. 19:15 of 1st period - Shot by Artemi Panarin. 19:15 of 1st period - Shot Blocked by John Carlson. 19:34 of 1st period - Icing by John Carlson. 19:35 of 1st period - Sam Bennett wins face-off versus Jake Evans in WINNIPEG BEAVERS zone. Goals for this period are 1 for WINNIPEG BEAVERS vs 0 for VICTORIA GLADIATORS. Shots for this period are 5 for WINNIPEG BEAVERS vs 11 for VICTORIA GLADIATORS. 2nd period 0:01 of 2nd period - Brayden Schenn wins face-off versus Mikael Granlund in neutral zone. 0:12 of 2nd period - Shot by Jonathan Audy-Marchessault. 0:12 of 2nd period - Shot Misses the Net. 0:31 of 2nd period - Shot by Mikael Granlund. 0:31 of 2nd period - Shot Misses the Net. 0:51 of 2nd period - Icing by Justin Faulk. 0:52 of 2nd period - Sean Kuraly wins face-off versus Mikael Granlund in VICTORIA GLADIATORS zone. 1:13 of 2nd period - Shot by Frank Vatrano. 1:13 of 2nd period - Stopped by Logan Thompson without a rebound. 1:14 of 2nd period - Brandon Saad wins face-off versus Matt Duchene in WINNIPEG BEAVERS zone. 1:29 of 2nd period - Brandon Saad is hit by Niko Mikkola. 1:35 of 2nd period - Shot by Sam Bennett. 1:35 of 2nd period - Stopped by Jake Oettinger without a rebound. 1:36 of 2nd period - Adam Lowry wins face-off versus Cal Clutterbuck in VICTORIA GLADIATORS zone. 1:47 of 2nd period - Shot by Marcus Foligno. 1:47 of 2nd period - Stopped by Jake Oettinger without a rebound. 1:48 of 2nd period - Mark Scheifele wins face-off versus Brayden Schenn in VICTORIA GLADIATORS zone. 1:48 of 2nd period - Mark Scheifele is hit by Brayden Schenn. 2:19 of 2nd period - Shot by Nikolaj Ehlers. 2:19 of 2nd period - Stopped by Jake Oettinger without a rebound. 2:20 of 2nd period - Mikael Granlund wins face-off versus Sean Kuraly in VICTORIA GLADIATORS zone. 2:25 of 2nd period - Victor Hedman is hit by David Pastrnak and loses puck. 3:50 of 2nd period - Shot by Jonathan Audy-Marchessault. 3:50 of 2nd period - Shot Misses the Net. 3:52 of 2nd period - Shot by Jeremy Lauzon. 3:52 of 2nd period - Shot Misses the Net. 3:54 of 2nd period - Shot by Jeremy Lauzon. 3:54 of 2nd period - Stopped by Jake Oettinger with a rebound. 4:04 of 2nd period - Niko Mikkola is hit by James van Riemsdyk and loses puck. 4:08 of 2nd period - Minor Penalty to Sam Bennett for Tripping. 4:09 of 2nd period - Kiefer Sherwood wins face-off versus Mark Scheifele in WINNIPEG BEAVERS zone. 4:26 of 2nd period - Shot by Mark Scheifele. 4:26 of 2nd p